 Dungeon Crawl Stone Soup version 0.22-a0-388-g09e6169 (webtiles) character file.

7 4thArraOfDagon the Skirmisher (level 2, -2/19 HPs)
             Began as a Tengu Abyssal Knight on Apr 29, 2018.
             Was an Initiate of Lugonu.
             Slain by a kobold
             ... wielding a +0 short sword
              (5 damage)
             ... on level 1 of the Dungeon.
             The game lasted 00:01:20 (498 turns).

4thArraOfDagon the Skirmisher (Tengu Abyssal Knight) Turns: 498, Time: 00:01:21

Health: -2/19      AC:  1    Str: 12      XL:     2   Next: 4%
Magic:  4/4        EV: 11    Int: 11 (12) God:    Lugonu [......]
Gold:   35         SH:  0    Dex: 12 (13) Spells: 2/2 levels left

rFire    . . .     SeeInvis .   a - +1 falchion
rCold    . . .     Gourm    .   (no shield)
rNeg     . . .     Faith    .   b - +0 leather armour
rPois    .         Spirit   .   (helmet restricted)
rElec    .         Reflect  .   (no cloak)
rCorr    .         Harm     .   (no gloves)
MR       .....                  (boots unavailable)
Stlth    +.........             (no amulet)
HPRegen  0.06/turn              (no ring)
MPRegen  0.09/turn              (no ring)

@: no status effects
A: beak, talons 3, [deformed body], [deterioration 2]
a: Renounce Religion


You were on level 1 of the Dungeon.
You worshipped Lugonu.
Lugonu was noncommittal.
You were not hungry.

You visited 1 branch of the dungeon, and saw 1 of its levels.
You visited the Abyss 1 time.

You collected 35 gold pieces.

Inventory:

Hand Weapons
 a - a +1 falchion (weapon)
Armour
 b - a +0 leather armour (worn)
Scrolls
 d - 2 scrolls of identify {unknown}
 e - a scroll of amnesia {unknown}
Comestibles
 c - 5 rations


   Skills:
 - Level 3.0 Fighting
 * Level 2.8 Long Blades
 - Level 2.1 Armour
 - Level 1.1 Dodging
 + Level 0.5 Spellcasting
 - Level 1.5 Invocations


You had 2 spell levels left.
You didn't know any spells.

Dungeon Overview and Level Annotations

Branches:
Dungeon (1/15)

Altars:


Innate Abilities, Weirdness & Mutations

You have a beak for a mouth.
You have claws for feet.
[Armour fits poorly on your strangely shaped body.]
[Your body often deteriorates upon taking damage.]


Message History

Unknown command.
The kobold hits you with a short sword.
You hit the kobold.
The kobold is moderately wounded.
The kobold hits you but does no damage.
You completely miss the kobold. You claw the kobold.
The kobold is severely wounded.
The kobold hits you with a short sword.
You are too injured to fight recklessly!
You are too injured to fight recklessly!
You are too injured to fight recklessly!
You barely miss the kobold.
The kobold is severely wounded.
The kobold hits you with a short sword.
* * * LOW HITPOINT WARNING * * *
Your body deteriorates!
You feel clumsy.
You miss the kobold.
The kobold is severely wounded.
The kobold hits you with a short sword.
You die...

..## #... ...## #.#
#...# #.# ###...#
##.## .....# #...#
#.K.# #...# #.@.######
##...## #..%......
#.....###...#####.
#..<..#...........
#.....#>..........
##...##....(...... #
## #...##.......###.
#.#. #...##.#.†....(..
#.#.###.###.#...#.####


You could see a kobold.

Vanquished Creatures
  A goblin (D:1)
  A kobold (D:1)
  5 bats (D:1)
7 creatures vanquished.

Notes
Turn   | Place    | Note
-------+----------+-------------------------------------------
     0 | Abyss:1  | 4thArraOfDagon the Tengu Abyssal Knight began the quest for the Orb.
     0 | Abyss:1  | Reached XP level 1. HP: 14/14 MP: 3/3
    62 | Abyss:2  | Noticed a titan skeleton
    78 | Abyss:2  | Noticed a large abomination
    84 | Abyss:2  | Noticed a small abomination
    88 | Abyss:2  | Noticed a wretched star
    89 | Abyss:2  | Noticed a large abomination
    95 | Abyss:2  | Noticed a starcursed mass
   101 | Abyss:2  | Noticed a ynoxinul
   105 | D:1      | Escaped the Abyss
   485 | D:1      | Reached XP level 2. HP: 17/19 MP: 4/4
   498 | D:1      | Slain by a kobold

Vault maps used:
D:1:      dpeg_arrival_rhombus

Action                   || total
-------------------------++-------
Melee: Falchion          ||    16
       Kick              ||     3
Invok: Depart the Abyss  ||     1
Armor: Leather armour    ||     4
Dodge: Dodged            ||    14
       Rpst.: Falchion   ||     3

Table legend:
 A = Spawn XP
 B = Non-spawn XP
 C = Spawn XP percentage of total XP
 D = Spawn monster count
 E = Non-spawn monster count
 F = Spawn count percentage of total count
 G = Total turns spent on level
                    A         B        C        D         E        F      G
               +---------+---------+-------+---------+---------+-------+---------
         Total |       0 |      11 |   0.0 |       0 |       7 |   0.0 |   498
               +---------+---------+-------+---------+---------+-------+---------
           D:1 |       0 |      11 |   0.0 |       0 |       7 |   0.0 |   393
               +---------+---------+-------+---------+---------+-------+---------
